 Dungeon Crawl Stone Soup version 0.30.1-3-gfc49f6343a (webtiles) character file.

Game seed: 95607245717186089

30937 Destapler the Warrior (level 13, -6/139 HPs)
             Began as a Minotaur Fighter on July 26, 2023.
             Was a Believer of Ashenzari.
             Mangled by Kirke (10 damage)
             ... on level 12 of the Dungeon.
             The game lasted 01:08:57 (12471 turns).

Destapler the Warrior (Minotaur Fighter)           Turns: 12471, Time: 01:08:57

Health: -6/139     AC:  0    Str: 23    XL:     13   Next: 23%
Magic:  12/12      EV: 19    Int:  5    God:    Ashenzari [**....]
Gold:   324        SH:  0    Dex: 16    Spells: 12/12 levels left

rFire   + . .        a - melded +0 war axe
rCold   + . .        c - melded +0 buckler
rNeg    . . .        x - melded +4 scale mail of the Cursed Incredulity {rF++ Str+3 Int-2, Melee, Self} (curse)
rPois   +            (helmet currently unavailable)
rElec   +            m - melded +0 cloak of the Astral Frustration {Fort, Self} (curse)
rCorr   +            T - melded +0 pair of gloves of the Shackled Doubts {rF++ Regen+ MP+9, Melee, Cun} (curse)
SInv    +            (boots currently unavailable)
Will    .....        w - amulet of the All-seeing Secrets {Rampage rPois Regen+ Str-3 Dex+6, Evo, Range} (curse)
Stlth   +            E - melded ring of see invisible
HPRegen 1.23/turn    h - melded +6 ring of strength
MPRegen 0.13/turn

%: rampage
@: pig-form, resistant, hasted and slowed, studying Fighting, invisible, very
quick
A: fast, no casting, small, (horns 2), (retaliatory headbutt)
a: Renounce Religion, Shatter the Chains


You were on level 12 of the Dungeon.
You worshipped Ashenzari.
Ashenzari was pleased with you.
You were a filthy swine.
You visited 2 branches of the dungeon, and saw 14 of its levels.
You also visited: Bailey and Gauntlet.

You collected 753 gold pieces.
You spent 429 gold pieces at shops.

Inventory:

Hand Weapons
 a - a +0 war axe (melded)
Missiles
 r - 50 javelins
 M - a throwing net
 N - 6 boomerangs
 U - 21 poisoned darts (quivered)
Armour
 c - a +0 buckler (melded)
 m - the cursed +0 cloak of the Astral Frustration (melded) {Fort, Self}
   (You found it on level 1 of the Dungeon)

   It has a curse which improves the following skills: Fortitude: Armour and
   Shields.
   Introspection: Fighting and Spellcasting.
 x - the cursed +4 scale mail of the Cursed Incredulity (melded) {rF++ Str+3 Int-2, Melee, Self}
   (You bought it in a shop on level 6 of the Dungeon)

   Str:       It affects your strength (+3).
   Int:       It affects your intelligence (-2).
   rF:        It greatly protects you from fire.
   It has a curse which improves the following skills: Melee Combat: Short
   Blades, Long Blades, Axes, Maces & Flails, Polearms, Staves and Unarmed
   Combat.
   Introspection: Fighting and Spellcasting.
 A - a scarf of repulsion
 D - a +2 pair of gloves of dexterity
 K - the +0 cloak of Starshine {Harm rF+}
   (You found it in a Gauntlet)

   rF:        It protects you from fire.
   Harm:      It increases damage dealt and taken.
 T - the cursed +0 pair of gloves of the Shackled Doubts (melded) {rF++ Regen+ MP+9, Melee, Cun}
   (You found it on level 8 of the Dungeon)

   rF:        It greatly protects you from fire.
   MP:        It affects your magic capacity (+9).
   Regen:     It increases your rate of health regeneration.
   It has a curse which improves the following skills: Melee Combat: Short
   Blades, Long Blades, Axes, Maces & Flails, Polearms, Staves and Unarmed
   Combat.
   Cunning:   Dodging and Stealth.
Jewellery
 b - a ring of positive energy
 f - a ring of resist corrosion
 h - a +6 ring of strength (melded)
 o - an amulet of reflection
 w - the cursed amulet of the All-seeing Secrets (around neck) {Rampage rPois Regen+ Str-3 Dex+6, Evo, Range}
   (You found it in a Gauntlet)

   [amulet of regeneration]

   Str:       It affects your strength (-3).
   Dex:       It affects your dexterity (+6).
   rPois:     It protects you from poison.
   Regen:     It increases your rate of health regeneration.
   Rampage:   It bestows one free step when moving towards enemies.
   It has a curse which improves the following skills: Evocations: Evocations.
   Ranged Combat: Ranged Weapons and Throwing.
 E - a ring of see invisible (melded)
Wands
 g - a wand of polymorph (5)
 k - a wand of mindburst (5)
 n - a wand of iceblast (4)
 t - a wand of charming (9)
 O - a wand of acid (2)
 P - a wand of flame (12)
Scrolls
 e - 7 scrolls of teleportation
 j - a scroll of blinking
 u - 4 scrolls of poison
 y - 2 scrolls of fear
 z - 6 scrolls of enchant weapon
 F - a scroll of fog
 V - 5 scrolls of enchant armour
 X - a scroll of torment
Potions
 d - 3 potions of magic
 i - 2 potions of haste
 l - a potion of attraction
 q - 2 potions of flight
 s - 8 potions of curing
 v - 2 potions of lignification
 B - 4 potions of mutation
 H - 2 potions of invisibility


   Skills:
 + Level 20.2 Fighting
 + Level 11.0 Axes
 + Level 0.8(1.4) Ranged Weapons
 + Level 11.1 Armour
 + Level 8.7 Dodging
 + Level 11.1 Shields
 + Level 7.2(8.4) Evocations


You had 12 spell levels left.
You didn't know any spells.
Your spell library contained the following spells:

 Spells                   Type           Power      Damage    Failure   Level
 Beastly Appendage        Tmut           0%         N/A       47%         1
 Shock                    Conj/Air       0%         1d3       47%         1
 Sublimation of Blood     Necr           0%         N/A       63%         2
 Wereblood                Tmut           0%         N/A       63%         2
 Swiftness                Air            0%         N/A       85%         3
 Airstrike                Air            0%         2d(0-16)  99%         4
 Dispel Undead            Necr           0%         3d6       99%         4
 Storm Form               Tmut/Air       0%         N/A       100%        7
 Summon Hydra             Summ           0%         N/A       100%        7
 Necromutation            Tmut/Necr      0%         N/A       100%        8


Dungeon Overview and Level Annotations

Branches:
Dungeon (12/15)            Temple (0/1) D:6            Lair (2/5) D:8
    Orc (0/2) D:10         Bailey (visited)         Gauntlet (visited)
  Swamp: Lair:2-3    Shoals: Lair:2-3     Snake: Lair:2-3    Spider: Lair:2-3

Altars:
Ashenzari
Dithmenos
Fedhas
Gozag
Trog
Uskayaw
Vehumet
Wu Jian

Shops:
D:2 *   D:5 :   D:6 [

Portals:
Trove: D:10 (show abyssal rune of Zot)

Annotations:
D:12 4 runed translucent doors, Kirke; Plazmod's ghost, journeyman DECj


Innate Abilities, Weirdness & Mutations

You are a filthy swine.
You move quickly.
Your equipment is almost entirely melded.
You are incapable of wielding weapons or throwing items.
You cannot cast spells.
((You have a pair of horns on your head.))
((You reflexively headbutt those who attack you in melee.))


Message History

Kirke flickers and vanishes for a moment.
You barely miss Kirke.
Kirke is severely wounded.
The lindwurm completely misses you. The lindwurm misses you.
The lindwurm claws you.
* * * LOW HITPOINT WARNING * * *
Kirke casts a spell at you.
You struggle to resist.
You closely miss Kirke.
Kirke is severely wounded.
The lindwurm barely misses you. The lindwurm claws you!
* * * LOW HITPOINT WARNING * * *
The lindwurm misses you. Kirke hits you.
* * * LOW HITPOINT WARNING * * *
The lindwurm bites you.
* * * LOW HITPOINT WARNING * * *
The lindwurm claws you.
* * * LOW HITPOINT WARNING * * *
The lindwurm barely misses you.
You bite Kirke!
Kirke is severely wounded.
Kirke completely misses you. The lindwurm misses you. The lindwurm claws you.
* * * LOW HITPOINT WARNING * * *
The lindwurm claws you!
* * * LOW HITPOINT WARNING * * *
Unknown command.
You fade into invisibility!
Kirke barely misses you. The lindwurm barely misses you.
The lindwurm completely misses you. The lindwurm barely misses you.
You closely miss Kirke.
Kirke is severely wounded.
Kirke points at you and mumbles some strange words.
You feel a momentary urge to oink. The lindwurm completely misses you.
The lindwurm misses you. The lindwurm claws you!
* * * LOW HITPOINT WARNING * * *
Unknown command.
You feel yourself speed up. Kirke completely misses you.
The lindwurm barely misses you. The lindwurm completely misses you. x2
Kirke hits you!
You die...

, #.(......###### ,
...#..#.##..........#
,*,.....#.##..........#
, ....#.##........>.# *
, #...#.##..........##
, *..k#.#####.........
,* ,hh#.# #..####### ~,
,#@#.# #......... ~, ,
, #h#.# ##≈....#####
***#k#.###≈~......... ~
*** ##'#.##≈≈~....###.#
, #....#≈≈≈~....# #.# *
~*#....~~≈~~....###.# ~
~ #.................# ~
#...~~~~≈~~.~.##### *,*
*#..................
#....#†~≈~~.~.#####


You could see Kirke (invisible), 2 lindwurms and 2 hogs.

Vanquished Creatures
  A minotaur (Gauntlet)
  A great orb of eyes (Gauntlet)
  A death scarab (Gauntlet)
  Urug (Lair:1)
  A skyshark (Lair:1)
  A manticore (D:11)
  2 ugly things (Gauntlet)
  A deep elf pyromancer (D:12)
  6 elephants (Lair:1)
  A torpor snail (Gauntlet)
  Joseph (D:7)
  2 cane toads (Lair:1)
  A gargoyle (D:11)
  A kobold demonologist (D:9)
  An unseen horror (D:11)
  A komodo dragon (Lair:1)
  2 trolls
  A hornet (D:10)
  A spectral black mamba (Gauntlet)
  3 slime creatures (D:12)
  38 yaks
  A hog (shapeshifter) (D:10)
  2 hogs (D:12)
  2 wyverns
  2 wraiths
  A steam dragon (D:9)
  7 vampire mosquitoes
  7 water moccasins
  A warg (D:9)
  Duvessa (D:5)
  14 orc warriors
  2 sky beasts
  2 black bears
  12 wolves (Lair:1)
  3 ogres
  15 centaurs
  2 phantoms
  4 kobold brigands
  11 bullfrogs
  2 gnoll sergeants
  2 scorpions
  8 wights
  Dowan (D:5)
  11 killer bees
  7 electric eels
  7 howler monkeys
  4 jellies
  4 orc priests
  4 hounds
  6 iguanas
  A sleepcap (D:4)
  Terence (D:2)
  4 orc wizards
  11 gnolls
  8 adders
  3 shadow imps
  3 worms
  9 dart slugs
  45 orcs
  3 endoplasms
  3 giant cockroaches
  7 goblins
  4 hobgoblins
  3 jackals (D:4)
  5 quokkas
  5 ball pythons
  4 bats
  7 frilled lizards (D:2)
  20 kobolds
  7 rats
366 creatures vanquished.

Vanquished Creatures (others)
  An orc warrior (Bailey)
  2 dart slugs (D:6)
  3 orcs
6 creatures vanquished.

Grand Total: 372 creatures vanquished

Notes
Turn   | Place    | Note
-------+----------+-------------------------------------------
     0 | D:1      | Destapler the Minotaur Fighter began the quest for the Orb.
     0 | D:1      | Reached XP level 1. HP: 19/19 MP: 0/0
   463 | D:1      | Found a faded altar of an unknown god.
   479 | D:1      | Prayed at the altar of an unknown god.
   479 | D:1      | Became a worshipper of Ashenzari the Shackled
   622 | D:1      | Reached XP level 2. HP: 27/27 MP: 1/1
   970 | D:2      | Noticed Terence
   977 | D:2      | Killed Terence
   978 | D:2      | Reached skill level 4 in Fighting
   978 | D:2      | Reached XP level 3. HP: 23/33 MP: 2/2
  1250 | D:2      | Reached XP level 4. HP: 40/40 MP: 3/3
  1425 | D:2      | Found Saimet's Assorted Antiques.
  2124 | D:4      | Noticed a black bear
  2135 | D:4      | Killed a black bear
  2136 | D:4      | Reached XP level 5. HP: 47/47 MP: 4/4
  2160 | D:4      | Reached skill level 5 in Armour
  2160 | D:4      | Reached skill level 5 in Shields
  2161 | D:4      | Reached skill level 5 in Fighting
  2271 | D:4      | Reached XP level 6. HP: 56/56 MP: 5/5
  2796 | D:4      | Reached * piety under Ashenzari
  2825 | D:5      | Entered Level 5 of the Dungeon
  2909 | D:5      | Noticed an orc warrior
  2913 | D:5      | Reached skill level 5 in Axes
  2917 | D:5      | Killed an orc warrior
  2918 | D:5      | Reached XP level 7. HP: 62/64 MP: 6/6
  3076 | D:5      | Noticed Duvessa
  3077 | D:5      | Noticed Dowan
  3082 | D:5      | Killed Duvessa
  3083 | D:5      | Reached skill level 6 in Fighting
  3083 | D:5      | Reached skill level 1 in Dodging
  3083 | D:5      | Reached skill level 1 in Evocations
  3094 | D:5      | Killed Dowan
  3222 | D:5      | Reached XP level 8. HP: 73/73 MP: 7/7
  3252 | D:5      | Found Xeyr's Book Emporium.
  3633 | D:6      | Found Juackate's Antique Armour Shop.
  3643 | D:6      | Bought a pair of glowing gloves for 195 gold pieces
  3670 | D:6      | Found a staircase to the Ecumenical Temple.
  3874 | D:6      | Reached skill level 7 in Fighting
  4206 | D:6      | Reached XP level 9. HP: 73/81 MP: 8/8
  4467 | D:7      | Noticed Joseph
  4473 | D:7      | Found a hide-covered altar of Uskayaw.
  4485 | D:7      | Killed Joseph
  4501 | D:7      | Identified the cursed +0 cloak of the Astral Frustration
                  | {Fort, Self} (You found it on level 1 of the Dungeon)
  4501 | D:7      | Identified the cursed +0 scale mail "Restrained With Me"
                  | {Bglg, Melee}
  4560 | D:7      | Found a flagged portal.
  4576 | Bailey   | Entered a bailey
  4803 | Bailey   | Reached skill level 8 in Fighting
  4887 | Bailey   | Reached skill level 5 in Dodging
  5130 | Bailey   | Reached XP level 10. HP: 23/91 MP: 9/9
  5612 | D:7      | Reached skill level 17 in Fighting
  5612 | D:7      | Reached XP level 11. HP: 121/121 MP: 10/10
  6320 | D:7      | Reached skill level 18 in Fighting
  6959 | D:7      | Found a blossoming altar of Fedhas.
  7443 | D:8      | Identified the +0 pair of gloves of Panentheism {rF++
                  | Regen+ MP+9}
  7530 | D:8      | Found a staircase to the Lair.
  7962 | D:8      | Reached skill level 5 in Evocations
  8123 | D:9      | Reached ** piety under Ashenzari
  8327 | D:9      | Found an ornate altar of the Wu Jian Council.
  8384 | D:9      | Found a radiant altar of Vehumet.
  8384 | D:9      | Found a shadowy altar of Dithmenos.
  8399 | D:9      | Found a bloodstained altar of Trog.
  8399 | D:9      | Identified the +6 falchion of Perversion {heavy, rElec
                  | rF+++ rCorr Dex-3}
  8536 | D:6      | Bought a shimmering scale mail for 234 gold pieces
  8536 | D:6      | Identified the +4 scale mail "Quonwi" {rF++ Str+3 Int-2}
                  | (You bought it in a shop on level 6 of the Dungeon)
  8670 | D:10     | Entered Level 10 of the Dungeon
  8670 | D:10     | Found a staircase to the Orcish Mines.
  8739 | D:10     | Paralysed by a hornet for 1 turns
  8818 | D:10     | Found an opulent altar of Gozag.
  8866 | D:10     | Found a portal to a secret trove of treasure.
  8978 | D:10     | Noticed an entropy weaver
  8989 | D:10     | an entropy weaver changed into a hog
  9466 | Lair:1   | Entered Level 1 of the Lair of Beasts
  9471 | Lair:1   | Reached XP level 12. HP: 127/130 MP: 11/11
  9504 | Lair:1   | Reached skill level 19 in Fighting
  9543 | Lair:1   | Noticed Urug
  9557 | Lair:1   | Killed Urug
  9558 | Lair:1   | Reached skill level 10 in Shields
  9566 | Lair:1   | Found a gate leading to a gauntlet.
  9575 | Gauntlet | Entered a Gauntlet
  9575 | Gauntlet | Found a transporter.
  9578 | Gauntlet | Noticed a death scarab
  9587 | Gauntlet | Found a transporter.
  9587 | Gauntlet | Found a transporter.
  9587 | Gauntlet | Found a transporter.
  9588 | Gauntlet | Noticed a death scarab
  9604 | Gauntlet | Found a transporter.
  9621 | Gauntlet | Found a transporter.
  9623 | Gauntlet | Found a large runed translucent door.
  9623 | Gauntlet | Found a large runed translucent door.
  9624 | Gauntlet | Found a large runed translucent door.
  9624 | Gauntlet | Found a large runed translucent door.
  9625 | Gauntlet | Found a large runed translucent door.
  9625 | Gauntlet | Found a large runed translucent door.
  9625 | Gauntlet | Found a runed translucent door.
  9625 | Gauntlet | Found a runed translucent door.
  9625 | Gauntlet | Found a large runed translucent door.
  9625 | Gauntlet | Found a large runed translucent door.
  9626 | Gauntlet | Found a large runed translucent door.
  9626 | Gauntlet | Found a large runed translucent door.
  9629 | Gauntlet | Found a transporter.
  9647 | Gauntlet | Found a transporter.
  9647 | Gauntlet | Identified the staff of air "Zixuot" {rElec rN+ Str+2}
  9662 | Gauntlet | Found a large runed translucent door.
  9662 | Gauntlet | Noticed a great orb of eyes
  9663 | Gauntlet | Found a large runed translucent door.
  9664 | Gauntlet | Found a large runed translucent door.
  9665 | Gauntlet | Found a runed translucent gate.
  9666 | Gauntlet | Found a transporter.
  9666 | Gauntlet | Found a runed translucent gate.
  9667 | Gauntlet | Found a runed translucent gate.
  9668 | Gauntlet | Found a large runed translucent door.
  9669 | Gauntlet | Found a large runed translucent door.
  9670 | Gauntlet | Found a large runed translucent door.
  9678 | Gauntlet | Found a transporter.
  9690 | Gauntlet | Found a transporter.
  9692 | Gauntlet | Identified the +1 helmet of Sloth {rElec}
  9702 | Gauntlet | Found a transporter.
  9713 | Gauntlet | Noticed a great orb of eyes
  9713 | Gauntlet | Identified the amulet "Ihuamyats" {Rampage rPois Regen+
                  | Str-3 Dex+6}
  9714 | Gauntlet | Found a transporter.
  9732 | Gauntlet | Found a transporter.
  9758 | Gauntlet | Found a transporter.
  9760 | Gauntlet | Found a transporter.
  9760 | Gauntlet | Identified the +0 cloak of Starshine {Harm rF+}
  9790 | Gauntlet | Identified the Enchiridion on Permutations and the Dead
  9792 | Gauntlet | Found a transporter.
  9794 | Gauntlet | Found a transporter.
 10253 | Gauntlet | HP: 2/131 [death scarab (12)]
 10257 | Gauntlet | Killed a death scarab
 10258 | Gauntlet | Reached skill level 10 in Armour
 10339 | Gauntlet | Reached skill level 10 in Axes
 10411 | Gauntlet | Paralysed by a great orb of eyes for 4 turns
 10423 | Gauntlet | Killed a great orb of eyes
 10578 | Gauntlet | Identified the staff of fire "Umixouge" {rF+ Int+3}
 10578 | Gauntlet | Noticed a minotaur
 10589 | Gauntlet | Killed a minotaur
 11570 | Lair:2   | Reached XP level 13. HP: 143/143 MP: 12/12
 11701 | D:11     | Reached skill level 20 in Fighting
 12147 | D:12     | Found the +9 staff of Olgreb {rPois∞}
 12270 | D:12     | Found a runed translucent door.
 12401 | D:12     | Found a runed translucent gate.
 12401 | D:12     | Found a runed translucent gate.
 12401 | D:12     | Found a runed translucent gate.
 12406 | D:12     | Noticed Plazmod's ghost (journeyman DECj)
 12432 | D:12     | Noticed Kirke
 12470 | D:12     | HP: 3/139 [lindwurm[Kirke] (9)]
 12471 | D:12     | Mangled by Kirke

Illustrated notes

Levels and vault maps discovered:
D:1:      matt_arrival_spirals, layout_loops_ring,
          chequers_ecumenical_altar_island, minmay_pentomino_w2
D:2:      layout_basic, serial_shops, shop, minmay_lizard_king, uniq_terence
D:3:      layout_basic, grunt_decor_cap
D:4:      layout_basic
D:5:      layout_gridville, serial_shops, nicolae_shop_tiny_waterfront,
          uniq_duvessa
D:6:      kennysheep_slugbush, layout_gridville, minmay_temple_entry_tees,
          serial_shops, nicolae_shop_just_a_little_nook, dreamdust_gnoll_farm
D:7:      layout_layer_cave, nicolae_overflow_crystal_walls,
          general_overflow_altar, enter_bailey_5, serial_bayou_ford_a,
          uniq_joseph
D:8:      layout_gridville, dpeg_oklobed_lair
D:9:      layout_irregular_city, tgw_trog, nicolae_wu_jian_immortal_techniques,
          gammafunk_temple_overflow_statue
D:10:     layout_rooms, nicolae_gozag_seed_capital, david_orc_3,
          nicolae_trove_entry_crossroad
D:11:     layout_cross
D:12:     layout_basic, gammafunk_ghost_spectres,
          minmay_guarded_unrand_staff_of_olgreb, uniq_kirke
Lair:1:   layout_cave_pods, gauntlet_entry_generic, beast_lair_carwin_9,
          uniq_urug
Lair:2:   layout_chaotic_city, minmay_shoals_entry_hut,
          infiniplex_staircase_pool_2, grunt_megastairs_5

Skill      XL: |  1  2  3  4  5  6  7  8  9 10 11 12 13 |
---------------+----------------------------------------+-----
Fighting       | 4 5 6 7 8 17 18 19 20 | 20.2
Axes           | 3 4 5 6 8 9 10 11 | 11.0
Armour         | 4 5 6 7 8 9 10 11 | 11.1
Shields        | 4 5 6 7 8 9 10 11 | 11.1
Dodging        | 2 3 5 6 8 |  8.7
Evocations     | 1 2 4 5 6 7 |  7.2
Ranged Weapons | |  0.8

Action                     |  1- 3 |  4- 6 |  7- 9 | 10-12 | 13-15 || total
---------------------------+-------+-------+-------+-------+-------++-------
  Melee: War axe           |    59 |    82 |   268 |   386 |    97 ||   892
         Headbutt          |    12 |    11 |    35 |    97 |    16 ||   171
         Falchion          |       |       |       |    37 |       ||    37
         Unarmed           |       |       |       |       |    22 ||    22
  Throw: Dart              |       |       |       |    17 |       ||    17
         Javelin           |       |       |       |     1 |       ||     1
 Invoke: Curse Item        |       |     2 |       |     2 |     1 ||     5
         Shatter the Chain |       |       |       |     1 |       ||     1
  Evoke: Wand              |       |       |       |     5 |       ||     5
    Use: Scroll            |       |    10 |       |     1 |     1 ||    12
         Potion            |       |     1 |     3 |     6 |     7 ||    17
 Armour: Scale mail        |    18 |    28 |   149 |   224 |    31 ||   450
         Skin              |       |       |    18 |       |       ||    18
  Dodge: Dodged            |    20 |    45 |   201 |   310 |   112 ||   688
  Block: Buckler           |    13 |    18 |    92 |   161 |    34 ||   318
